 Dungeon Crawl Stone Soup version 0.29.1-2-gbd0b4ee654 (webtiles) character file.

Game seed: 12892431697788156201

1 Ivernyr the Sneak (level 1, 0/15 HPs)
             Began as a Naga Enchanter on Nov 3, 2022.
             Slain by a kobold
             ... wielding a +0 whip
              (2 damage)
             ... on level 1 of the Dungeon.
             The game lasted 00:00:21 (26 turns).

Ivernyr the Sneak (Naga Enchanter)                    Turns: 26, Time: 00:00:22

Health: 0/15       AC:  1    Str: 10    XL:     1   Next: 20%
Magic:  3/3        EV:  9    Int: 15    God:
Gold:   0          SH:  0    Dex: 11    Spells: 4/4 levels left

rFire   . . .      SeeInvis +   a - +1 dagger
rCold   . . .      Faith    .   (no shield)
rNeg    . . .      Spirit   .   b - +0 robe
rPois   +          Reflect  .   (no helmet)
rElec   .          Harm     .   (no cloak)
rCorr   .          Rampage  .   (no gloves)
Will    .....                   (no barding)
Stlth   ++........              (no amulet)
HPRegen 0.05/turn               (no ring)
MPRegen 0.08/turn               (no ring)

@: very slow
A: AC +0, large, see invisible, deformed body, poison resistance, slowness 2,
spit poison 1, naga tail 1
a: Spit Poison


You were on level 1 of the Dungeon.
You visited 1 branch of the dungeon, and saw 1 of its levels.

Inventory:

Hand Weapons
 a - a +1 dagger (weapon)
Armour
 b - a +0 robe (worn)
Scrolls
 d - a scroll of identify {unknown}
Potions
 c - 2 potions of invisibility


   Skills:
 + Level 1.0 Short Blades
 - Level 1.5 Dodging
 * Level 4.4 Stealth
 + Level 2.0 Spellcasting
 + Level 3.0 Hexes


You had 4 spell levels left.
You didn't know any spells.
Your spell library contained the following spells:

 Spells                   Type           Power      Damage    Failure   Level
 Ensorcelled Hibernation  Hex/Ice        12%        N/A       19%         2
 Confusing Touch          Hex            10%        N/A       19%         3
 Tukima's Dance           Hex            10%        N/A       19%         3
 Dazzling Flash           Conj/Hex       12%        N/A       34%         3


Dungeon Overview and Level Annotations

Branches:
Dungeon (1/15)

Altars:


Innate Abilities, Weirdness & Mutations

Your serpentine skin is tough. (AC +0)
You have supernaturally acute eyesight. (SInv)
Armour fits poorly on your strangely shaped body.
Your system is resistant to poisons. (rPois)
You cover ground very slowly.
You can spit poison.
You have a snake-like lower body.


Message History

A bat comes into view.
Found a scroll labelled IMMEAM GE CIF.
You hit the bat.
The bat is moderately wounded.
The bat barely misses you. The bat hits you.
Aiming: Spit Poison (3% risk of failure)
Press: ? - help, Shift-Dir - straight line, f - bat
Aim: a bat (moderately wounded, 35% to hit)
The splash of poison misses the bat.
The bat hits you but does no damage.
You hit the bat.
The bat is severely wounded.
The bat completely misses you. The bat hits you.
You hit the bat.
You kill the bat!
You see here a bat corpse.
You have got your breath back.
A ball python and a kobold come into view.
Found a stone staircase leading down.
You see here a scroll labelled IMMEAM GE CIF.
The ball python hisses angrily.
The kobold shouts!
You hit the kobold.
The kobold is severely wounded.
The ball python bites you. The kobold hits you with a +0 whip.
You hit the kobold but do no damage.
The kobold is severely wounded.
The ball python bites you. The kobold hits you but does no damage.
The ball python bites you.
You barely miss the kobold.
The kobold is severely wounded.
The kobold closely misses you. The ball python closely misses you.
You hit the kobold but do no damage.
The kobold is severely wounded.
The kobold hits you with a +0 whip. The ball python misses you.
The kobold barely misses you. The kobold hits you with a +0 whip.
* * * LOW HITPOINT WARNING * * *
The ball python barely misses you. The kobold attacks as you move away!
The kobold hits you with a +0 whip.
You die...

###.# .#.## #.#...
##.. ..... #...
..... #..# #.#.# #
#..#####.#.# .#
#..#...#.#@##.#.#
#........#SK....#
###....†..#..#.#.#
+<'...#....?...#
####.##.#....#.#
#.##..........
..............>#
................#
###.####.#######.#


You could see a ball python and a kobold.

Vanquished Creatures
  A bat (D:1)
1 creature vanquished.

Notes
Turn   | Place    | Note
-------+----------+-------------------------------------------
     0 | D:1      | Ivernyr the Naga Enchanter began the quest for the Orb.
     0 | D:1      | Reached XP level 1. HP: 15/15 MP: 3/3
    26 | D:1      | Slain by a kobold

Illustrated notes

Levels and vault maps discovered:
D:1:      dpeg_arrival_tiny_b, layout_basic,
          hellmonk_ecumenical_altar_heavens_door,
          hangedman_decor_diamond_cutter, nrook_mini_backslash

Action                   || total
-------------------------++-------
Melee: Dagger            ||     7
 Abil: Spit Poison       ||     1
Armor: Robe              ||     2
Dodge: Dodged            ||     7
